[Event "*** Titled Tuesday 3|2 Blitz"]
[Site "Chess.com"]
[Date "2016.05.03"]
[Round "3"]
[White "Sophiste2"]
[Black "Krasimir_Rusev"]
[Result "1-0"]
[WhiteElo "2786"]
[BlackElo "2490"]
[TimeControl "180+2"]
[EndTime "11:35:16 PDT"]
[Termination "Sophiste2 won on time"]

1. Nf3 d5 2. g3 c6 3. Bg2 Bf5 4.
O-O e6 5. c4 Nf6 6. cxd5 cxd5 7. Nc3 Nc6 8. d3 Be7 9. Qb3 Qd7 10. e4 Bg4 11. exd5 Nxd5 12. Nxd5 Bxf3 13. Bxf3 Nd4 14. Nc7+ Qxc7 15. Qxb7 Nxf3+ 16. Qxf3 O-O 17. Bd2 Bf6 18. Rac1 Qd7 19. Bc3 Bd4 20. Kg2 Rab8 21. Rfe1 Rfd8 22. Bxd4 Qxd4 23. Rc7 Rd7 24. Re4 Qd5 25.
Rb4 Qxf3+ 26. Kxf3 Rxd3+ 27. Ke2 Rbd8 28. Rxa7 Rd2+ 29.
Kf3 R2d5 30. Rbb7 Rf5+ 31. Ke2 h5 32. f4 Rd4 33. Ke3 Rd1 34. a4 Ra1 35. b4 Ra3+ 36. Ke4 Ra1 37. a5 Ra3 38. a6 g6 39. Rd7 1-0

[Event "*** Titled Tuesday 3|2 Blitz"]
[Site "Chess.com"]
[Date "2016.05.03"]
[Round "3"]
[White "cabalista"]
[Black "armago"]
[Result "1-0"]
[WhiteElo "2353"]
[BlackElo "2215"]
[TimeControl "180+2"]
[EndTime "11:35:17 PDT"]
[Termination "cabalista won by resignation"]

1. e4 c5 2. Nf3 d6 3. d4 cxd4 4.
Nxd4 Nf6 5. Nc3 a6 6. Bc4 e6 7. Bb3 Nbd7 8. Bg5 Nc5 9. f4 Be7 10. Qf3 O-O 11. f5 Nxb3 12. axb3 e5 13. Nde2 Bd7 14.
O-O Bc6 15. Rad1 Qb6+ 16. Kh1 Rad8 17. Ng3 Rfe8 18. Bxf6 Bxf6 19. Nh5 Bg5 20. Rd3 d5 21. Qg3 h6 22. h4 dxe4 23. hxg5 exd3 24. gxh6 Bxg2+ 25. Kxg2 Qxh6 26. Ne4 dxc2 27. Rh1 c1=Q 28. Rxc1 Rd2+ 29. Kg1 Red8 30. Nxd2 Rxd2 31. Qh3 Rd8 32. Rf1 Qg5+ 33. Kh1 Rd2 34. Rg1 Qh6 35. Rxg7+ Kh8 36.
Rg1 Rc2 37. Qg4 Rc8 38. f6 Re8 39. Qg7+ 1-0

[Event "*** Titled Tuesday 3|2 Blitz"]
[Site "Chess.com"]
[Date "2016.05.03"]
[Round "3"]
[White "Pomoc"]
[Black "Wolverine_master"]
[Result "1-0"]
[WhiteElo "2086"]
[BlackElo "2004"]
[TimeControl "180+2"]
[EndTime "11:35:19 PDT"]
[Termination "Pomoc won by checkmate"]

1. e4 d5 2. exd5 Qxd5 3. Nc3 Qd6 4. d4 Nf6 5. Nf3 a6 6. Ne5 Nc6 7. Nxc6 Qxc6 8. d5 Qd6 9. Be2 Bf5 10. O-O O-O-O 11.
Bf3 e6 12. dxe6 Qxd1 13. Nxd1 Bxe6 14. b3 Bc5 15. Bb2 Rd2 16. Rc1 Bf5 17. Ne3 Bxe3 18. fxe3 Bxc2 19. Bc3 Rd3 20. Rxc2 Rxe3 21. Re1 Rxe1+ 22.
Bxe1 Re8 23. Bg3 c6 24. Kf2 g5 25. h3 h5 26. Re2 Rxe2+ 27. Bxe2 g4 28. hxg4 hxg4 29. Bh4 Ne4+ 30. Ke3 Nc3 31. Bxg4+ Kc7 32. a3 Nd5+ 33. Kd2 c5 34. Bf3 Nf4 35. Bg3 Kb6 36.
Bxf4 Kb5 37. Bd5 a5 38. Bxf7 a4 39. g4 axb3 40. Bxb3 c4 41. Bc2 b6 42. g5 Ka5 43. g6 b5 44. g7 b4 45. axb4+ Kxb4 46.
g8=Q c3+ 47. Kd3 Ka3 48. Qb3# 1-0

[Event "*** Titled Tuesday 3|2 Blitz"]
[Site "Chess.com"]
[Date "2016.05.03"]
[Round "3"]
[White "Smirnov_Pavel"]
[Black "oggy1984"]
[Result "1-0"]
[WhiteElo "2491"]
[BlackElo "2313"]
[TimeControl "180+2"]
[EndTime "11:35:21 PDT"]
[Termination "Smirnov_Pavel won on time"]

1. d4 Nf6 2. c4 g6 3. g3 Bg7 4.
Bg2 O-O 5. Nc3 d6 6. Nf3 c5 7. O-O Nc6 8. dxc5 dxc5 9. Be3 Be6 10. Qa4 Qb6 11. Qb5 Nd7 12. Na4 Qxb5 13. cxb5 Nd4 14. Nxc5 Nxe2+ 15. Kh1 Nxc5 16. Bxc5 Bxb2 17. Rae1 Nc3 18.
Bxe7 Rfe8 19. Bf6 Bc4 20. Rg1 Bxa2 21. Nd2 Rab8 22. h4 Na4 23. Bg5 Bc3 24. Rxe8+ Rxe8 25. Bxb7 Re2 26. Ne4 Nb6 27. Nxc3 Rxf2 28. Bg2 Bc4 29. Ne4 Rb2 30. Bh6 f5 31. Ng5 Bxb5 32. Rd1 Nd7 33. Bd5+ 1-0

[Event "*** Titled Tuesday 3|2 Blitz"]
[Site "Chess.com"]
[Date "2016.05.03"]
[Round "3"]
[White "severomorskij"]
[Black "Philofive"]
[Result "1-0"]
[WhiteElo "2594"]
[BlackElo "2366"]
[TimeControl "180+2"]
[EndTime "11:35:37 PDT"]
[Termination "severomorskij won by resignation"]

1. d4 Nf6 2. c4 g6 3. Nc3 Bg7 4. e4 d6 5. Bd3 O-O 6. Nge2 Nc6 7.
O-O Nd7 8. Be3 e5 9. d5 Nd4 10. Bb1 Nxe2+ 11. Qxe2 a5 12. Bc2 Nc5 13. a3 a4 14.
Bxc5 dxc5 15. Bxa4 f5 16. f3 f4 17. b4 Qe7 18. Rab1 Rf6 19. Qf2 Bf8 20. Rfd1 Rfa6 21. Bb3 Rxa3 22. Nb5 R3a6 23. Kh1 b6 24. h3 Kg7 25.
bxc5 bxc5 26. Qb2 Kf6 27. Ra1 g5 28. Rxa6+ Rxa6 29. Ra1 h5 30. Rxa6+ Bxa6 31. Na7 g4 32. Nc6 Qg7 33. Qxe5+ Kg6 34. Qf5+ Kh6 35. Qxf4+ Kh7 36. Qf5+ Kg8 37. hxg4 h4 38. e5 Bb7 39. Bc2 Bxc6 40. dxc6 Be7 41. f4 Qh6 42. Qg6+ Qxg6 43. Bxg6 Kg7 44.
Be4 Bf8 45. Kh2 Kf7 46. Kh3 Bh6 47. g5 1-0

[Event "*** Titled Tuesday 3|2 Blitz"]
[Site "Chess.com"]
[Date "2016.05.03"]
[Round "3"]
[White "ChessWarrior7197"]
[Black "KyronGriffith"]
[Result "0-1"]
[WhiteElo "2489"]
[BlackElo "2329"]
[TimeControl "180+2"]
[EndTime "11:35:46 PDT"]
[Termination "KyronGriffith won by resignation"]

1. e4 c5 2. b3 d6 3. Bb2 e5 4.
Bc4 Nf6 5. Nc3 Be7 6. Nge2 Be6 7.
O-O O-O 8. d3 a6 9. f4 Ng4 10.
Qd2 Bxc4 11. bxc4 Nc6 12. Nd5 Nf6 13. fxe5 Nxe5 14. Nxf6+ Bxf6 15. Nc3 Ng4 16. Kh1 Be5 17. g3 b5 18. cxb5 axb5 19. Nd1 Qe7 20. Bxe5 Qxe5 21. Nc3 b4 22. Nd5 f5 23. Nb6 Rad8 24. h3 Nh6 25. Qf4 Qb2 26. Qc1 Qe5 27. Qf4 Qb2 28. Nd5 Qxc2 29.
exf5 Nxf5 30. Rad1 Qxa2 31. Nb6 Qa6 32. Nc4 Qc6+ 33. Kh2 Nd4 34. Qe4 Qxe4 35. dxe4 Rxf1 36. Rxf1 b3 37. Rb1 Kf7 38. Kg2 Ke6 39. Kf2 Rf8+ 40.
Ke1 Rf3 41. Nd2 Rxg3 42. Kf2 Rxh3 43. Ra1 Rh2+ 44. Ke3 Nc2+ 0-1

[Event "*** Titled Tuesday 3|2 Blitz"]
[Site "Chess.com"]
[Date "2016.05.03"]
[Round "3"]
[White "destroyer305"]
[Black "rasool78"]
[Result "0-1"]
[WhiteElo "2281"]
[BlackElo "2187"]
[TimeControl "180+2"]
[EndTime "11:35:48 PDT"]
[Termination "rasool78 won by resignation"]

1. e4 g6 2. d4 Bg7 3. Nc3 c5 4. d5 Bxc3+ 5. bxc3 Qa5 6. Bd2 d6 7. f4 Nf6 8. c4 Qa3 9. Bd3 b5 10. e5 bxc4 11. Bxc4 Ne4 12. Nf3 Ba6 13. Bxa6 Qxa6 14.
Qe2 Qxe2+ 15. Kxe2 Nxd2 16. Kxd2 Nd7 17. Rab1 Nb6 18.
c4 Nxc4+ 19. Kd3 Nb6 20. Ke4 O-O 21. h4 Rad8 22. h5 dxe5 23. hxg6 hxg6 24. Nxe5 Nxd5 25.
Rbc1 Nf6+ 26. Kf3 Rd5 27. Rc3 Kg7 28. Nc6 e6 29. Ra3 Rc8 30. Ne5 Rc7 31. Rc1 Rd4 32.
g4 Nd5 33. Rc4 Rxc4 34. Nxc4 Nb6 35. Ne5 c4 36. Rc3 f6 37. Nd3 Nd5 38. Ra3 cxd3 39. Rxd3 Rc3 40. Rxc3 Nxc3 41. a3 Nb5 42. a4 Nc3 43. a5 Nd5 44. Ke4 Nb4 45. Kd4 Nc6+ 46. Kc5 Nxa5 47. Kd6 Nb3 48. Kxe6 a5 49. Kd5 a4 50.
Kc4 Nc5 51. Kb4 Kf7 0-1

[Event "*** Titled Tuesday 3|2 Blitz"]
[Site "Chess.com"]
[Date "2016.05.03"]
[Round "3"]
[White "E-Shaposhnikov"]
[Black "jlandaw"]
[Result "1-0"]
[WhiteElo "2477"]
[BlackElo "2313"]
[TimeControl "180+2"]
[EndTime "11:35:50 PDT"]
[Termination "E-Shaposhnikov won by resignation"]

1. Nf3 d5 2. d4 Nf6 3. c4 c6 4. e3 e6 5. Nbd2 Nbd7 6. b3 Bd6 7. Bb2 O-O 8. Bd3 Qe7 9. Ne5 c5 10. O-O b6 11. f4 Bb7 12. Qf3 dxc4 13. Bxh7+ Kxh7 14. Qxb7 cxb3 15. axb3 Nxe5 16. Qxe7 Bxe7 17. fxe5 Nd5 18. Kf2 Rfc8 19. Rac1 Bg5 20. Rfe1 a5 21. Ne4 Bh6 22. g4 Kg6 23. g5 Bxg5 24. Rg1 f6 25. h4 Nxe3 26. hxg5 f5 27. Kxe3 fxe4 28. Kxe4 a4 29. dxc5 bxc5 30. bxa4 Rxa4+ 31. Kd3 Rb8 32. Kc2 Re4 33. Rce1 Rc4+ 34. Bc3 Ra8 35. Ra1 Rh8 36.
Kb3 Re4 37. Ra6 Kf5 38. Rf1+ Kxg5 39. Rxe6 Rb8+ 40. Kc2 Rc4 41. Kd3 Rg4 42. Bd2+ Kh4 43. Re7 Rb3+ 44. Kc2 c4 45. Rf4 g5 46. Rh7+ Kg3 47. Rxg4+ Kxg4 48. e6 Kf5 49. e7 Rb8 50. Rf7+ Ke6 51. Rf8 1-0

[Event "*** Titled Tuesday 3|2 Blitz"]
[Site "Chess.com"]
[Date "2016.05.03"]
[Round "3"]
[White "eugeniusjr"]
[Black "Badouuu"]
[Result "1/2-1/2"]
[WhiteElo "1881"]
[BlackElo "2004"]
[TimeControl "180+2"]
[EndTime "11:35:51 PDT"]
[Termination "Game drawn by repetition"]

1. c4 Nf6 2. g3 g6 3. Bg2 Bg7 4.
Nc3 O-O 5. d4 c5 6. e3 e6 7. Nge2 cxd4 8. exd4 d5 9. cxd5 exd5 10. O-O Nc6 11. Nf4 Ne7 12. Qb3 h5 13. Be3 Be6 14. Qxb7 Rb8 15. Qxa7 Rxb2 16. Na4 Rc2 17. Nxe6 fxe6 18. Nc5 Nc8 19. Qa4 Rc4 20. Qa6 Qe8 21.
Nxe6 Rc6 22. Nxg7 Kxg7 23. Qb5 Ng4 24. Qxd5 Rd6 25. Qb3 Nb6 26. d5 Nd7 27. Bd4+ Kh7 28. h3 Nge5 29. Rfe1 Qf7 30. Bxe5 Qxf2+ 31. Kh2 Nxe5 32.
Rxe5 Rdf6 33. Re7+ Kh8 34. Rae1 h4 35. Re8 hxg3+ 36.
Qxg3 Qf5 37. Qh4+ Kg8 38. Rxf8+ Rxf8 39. Re7 g5 40. Qh6 Qf4+ 41. Kg1 Qc1+ 42. Kh2 Qf4+ 43.
Kg1 Qc1+ 44. Kh2 Qf4+ 45. Kg1 Qc1+ 46. Kh2 Qf4+ 47. Kg1 1/2-1/2

[Event "*** Titled Tuesday 3|2 Blitz"]
[Site "Chess.com"]
[Date "2016.05.03"]
[Round "3"]
[White "UltimateCrusher2"]
[Black "Kawhi_Leonard2"]
[Result "0-1"]
[WhiteElo "2101"]
[BlackElo "2075"]
[TimeControl "180+2"]
[EndTime "11:35:52 PDT"]
[Termination "Kawhi_Leonard2 won by resignation"]

1. b3 e5 2. Bb2 d6 3. Nf3 Nd7 4. d3 Ngf6 5. g3 g6 6. Bg2 Bg7 7. O-O O-O 8. c4 Re8 9. Nc3 a5 10. a3 e4 11. Nxe4 Nxe4 12. Bxg7 Nxf2 13. Rxf2 Kxg7 14.
Qc2 Ne5 15. Nxe5 dxe5 16. Raf1 Qd4 17. Kh1 Re7 18. Bd5 f5 19. Qd2 c6 20. Bg2 e4 21.
e3 Qxd3 22. Qxd3 exd3 23. Re1 a4 24. b4 Be6 25. c5 Bb3 26. Rd2 Bc2 27. Kg1 Rae8 28.
Kf2 g5 29. Bf1 f4 30. gxf4 gxf4 31. e4 Rxe4 32. Rxe4 Rxe4 33. Bxd3 Rd4 34. Rxc2 Rxd3 35. Re2 Kf6 36. Re4 Rxa3 37. Rxf4+ Ke6 38. Rh4 Rb3 39. Rxh7 Rxb4 40. Rh8 Kd5 41. Ra8 Kxc5 42. Kg3 b5 43. h4 Rb1 44. h5 Rh1 45. Kg4 Kb4 46. Rf8 a3 47. Rf4+ Kb3 48. Rf3+ Ka4 49. Kg5 a2 50. Rf8 a1=Q 51. Ra8+ Kb3 52. Rxa1 Rxa1 53. h6 Rh1 54. Kg6 Rxh6+ 55. Kxh6 Kc2 56. Kg5 b4 57. Kf4 b3 0-1

[Event "*** Titled Tuesday 3|2 Blitz"]
[Site "Chess.com"]
[Date "2016.05.03"]
[Round "3"]
[White "Dlugy"]
[Black "Gergo85"]
[Result "1-0"]
[WhiteElo "2583"]
[BlackElo "2424"]
[TimeControl "180+2"]
[EndTime "11:35:55 PDT"]
[Termination "Dlugy won by resignation"]

1. d4 f5 2. g3 Nf6 3. Bg2 g6 4. Nh3 Bg7 5. c3 O-O 6. Qb3+ e6 7. Bxb7 Bxb7 8. Qxb7 Nc6 9. Qb3 Rb8 10. Qc2 e5 11.
dxe5 Nxe5 12. O-O Qe7 13. Nd2 Rfe8 14. Nf3 Nxf3+ 15. exf3 Qe2 16. Qxe2 Rxe2 17. Nf4 Rc2 18. Re1 Kf7 19. Re2 Rxe2 20. Nxe2 Nd5 21. Kf1 a5 22. a4 Rb3 23. Ke1 Rb8 24. Kd1 h6 25. h4 g5 26. hxg5 hxg5 27. Kc2 Kg6 28. Bd2 Nb6 29. b3 Rh8 30. Rf1 d6 31. c4 Ra8 32. Nc3 c6 33. Re1 Bf6 34. Re6 Rd8 35. g4 Nc8 36. Ne2 fxg4 37. fxg4 Kf7 38. Re3 d5 39. Bxa5 Rd7 40. cxd5 Rxd5 41. Bc3 Be7 42. Ng3 Nd6 43. Ne4 Nb7 44. Rd3 Ke6 45. f3 Bd8 46. Rxd5 cxd5 47. Nf2 Bb6 48. Nd3 d4 49.
Bd2 Bd8 50. b4 Kd5 51. a5 Nd6 52. a6 Nb5 53. Kb3 Kc6 54. Ne5+ Kb6 55. Nf7 Bc7 56. Nxg5 Kxa6 57. Ne6 Bd6 58. g5 Nc7 59. Nxc7+ Bxc7 60. f4 Kb5 61. g6 1-0

[Event "*** Titled Tuesday 3|2 Blitz"]
[Site "Chess.com"]
[Date "2016.05.03"]
[Round "3"]
[White "SmoothAsAHedgehog"]
[Black "tac49"]
[Result "1/2-1/2"]
[WhiteElo "2534"]
[BlackElo "2578"]
[TimeControl "180+2"]
[EndTime "11:35:55 PDT"]
[Termination "Game drawn by agreement"]

1. Nf3 Nf6 2. c4 g6 3. g3 Bg7 4. Bg2 O-O 5. O-O Nc6 6. Nc3 e5 7. d3 d6 8. Rb1 a5 9. a3 Nd4 10. b4 axb4 11. axb4 c6 12. Nxd4 exd4 13. Ne4 Nxe4 14.
Bxe4 Bh3 15. Re1 Re8 16. Bf3 Qd7 17. b5 Bg4 18. bxc6 bxc6 19. Bf4 Bxf3 20. exf3 d5 21. Qc2 h5 22. h4 Bf6 23. Kg2 Kg7 24. Rbc1 Rxe1 25.
Rxe1 Ra3 26. cxd5 Qxd5 27. Qe2 Qf5 28. Rd1 c5 29. Qe4 Qe6 30. Rc1 Qxe4 31. fxe4 Rxd3 32. Rxc5 Rc3 33. Rd5 d3 34. e5 Be7 35. Bd2 Rb3 36.
Kf3 Kf8 37. Ke4 Ke8 38. Rxd3 Rxd3 39. Kxd3 Kd7 40. Ke4 Ke6 41. Bf4 Bc5 42. f3 Bf2 43. Kd3 Be1 44. Ke3 Bc3 45. Ke4 Be1 46. Kd3 Bf2 47. Ke4 Be1 48. Kd3 Kd5 49. Ke2 Bc3 50. Kf2 Bxe5 51. Bc1 Bd4+ 52. Kg2 Kc4 53. Bg5 Kd3 54.
Bf4 1/2-1/2

[Event "*** Titled Tuesday 3|2 Blitz"]
[Site "Chess.com"]
[Date "2016.05.03"]
[Round "3"]
[White "Boryboy"]
[Black "Stameny"]
[Result "1-0"]
[WhiteElo "2503"]
[BlackElo "2375"]
[TimeControl "180+2"]
[EndTime "11:35:59 PDT"]
[Termination "Boryboy won by checkmate"]

1. d4 Nf6 2. Nf3 d5 3. g3 c6 4. Bg2 Bf5 5. c4 e6 6. Nc3 h6 7. O-O Nbd7 8. Nd2 Bg4 9. Qb3 Qb6 10. e4 dxe4 11. Ndxe4 Nxe4 12. Nxe4 Qxb3 13. axb3 Nf6 14. Nxf6+ gxf6 15. Be3 a6 16. d5 cxd5 17. cxd5 e5 18.
f4 Bd6 19. fxe5 Bxe5 20. d6 O-O-O 21. Rfc1+ Kb8 22. Ra4 Be6 23. Rb4 b5 24. Bb6 Bxd6 25.
Rd4 Be7 26. Bxd8 Rxd8 27. Rxd8+ Bxd8 28. b4 Be7 29. Rc6 Bc8 30. Bd5 f5 31. Rxh6 Bxb4 32. Bxf7 Kc7 33. Rh7 Kb6 34. h4 a5 35. h5 a4 36. h6 Bc5+ 37. Kh2 Bd4 38. b3 a3 39. b4 Bc3 40. Rg7 Bb7 41. Rg8 f4 42. h7 f3 43. Bb3 Be4 44. h8=Q f2 45. Qh6+ Bc6 46. Rf8 Bd4 47. Qd6 Be3 48. Qb8+ Bb7 49.
Rf6# 1-0

[Event "*** Titled Tuesday 3|2 Blitz"]
[Site "Chess.com"]
[Date "2016.05.03"]
[Round "3"]
[White "Carolina-moon"]
[Black "YuriyKrykun"]
[Result "0-1"]
[WhiteElo "2044"]
[BlackElo "2295"]
[TimeControl "180+2"]
[EndTime "11:36:01 PDT"]
[Termination "YuriyKrykun won on time"]

1. e4 c5 2. Nc3 a6 3. g3 b5 4. Bg2 Bb7 5. d3 e6 6. Nge2 d5 7. exd5 Nf6 8. O-O Nxd5 9. Nf4 Nxc3 10. bxc3 Bxg2 11. Kxg2 Nc6 12. Qf3 Rc8 13. a4 Be7 14. axb5 axb5 15. Ra6 Ne5 16. Qh5 Ng6 17. Nxg6 fxg6 18.
Qg4 Qd5+ 19. Kg1 O-O 20. Qxe6+ Qxe6 21. Rxe6 Bf6 22. Bd2 Kf7 23. Rfe1 Rfe8 24. Rxe8 Rxe8 25. Rxe8 Kxe8 26. f4 Kd7 27. Kf2 Ke6 28. Kf3 Kd5 29. Be1 c4 30. g4 h5 31. h3 Be7 32. Bf2 Bf6 33. d4 Bd8 34. Be1 Ba5 35. Bd2 Bd8 36. Be1 Bf6 37. Bd2 Be7 38. Be1 Bf6 39. Ke3 hxg4 40.
hxg4 Be7 41. Kf3 Bd6 42. f5 gxf5 43. gxf5 Be7 44. Kg4 Bf6 45. Kh5 Ke4 46. Kg6 Ke3 47. Kh5 Ke2 48. Bh4 b4 49. Bxf6 b3 50. cxb3 cxb3 0-1

[Event "*** Titled Tuesday 3|2 Blitz"]
[Site "Chess.com"]
[Date "2016.05.03"]
[Round "3"]
[White "BahadirOzen"]
[Black "ShimanovAlex"]
[Result "0-1"]
[WhiteElo "2510"]
[BlackElo "2646"]
[TimeControl "180+2"]
[EndTime "11:36:07 PDT"]
[Termination "ShimanovAlex won by checkmate"]

1. b3 Nf6 2. Bb2 g6 3. e4 Bg7 4. g3 O-O 5. Bg2 d5 6. exd5 Nxd5 7. Bxg7 Kxg7 8. d4 Nf6 9. Nf3 Bg4 10. O-O c6 11. Nbd2 a5 12. h3 Bxf3 13. Nxf3 Nbd7 14. Re1 e6 15. Qd3 a4 16. b4 a3 17. c4 Qc7 18. Rab1 Rfd8 19. Qc3 Nb6 20. Ne5 Nbd7 21. Nd3 Kg8 22. Rb3 Ne8 23. Nf4 Nb6 24. h4 Ng7 25. h5 Nf5 26. hxg6 hxg6 27. d5 cxd5 28. Nxe6 fxe6 29. Rxe6 d4 30. Qf3 Kf7 31. Re4 Kg7 32. Rb1 Nxc4 33. Rc1 b5 34. Qd3 Rac8 35. Rg4 Qf7 36.
Re1 Re8 37. Rxe8 Rxe8 38. Qb1 Qf6 39. Be4 Ncd6 40. Bd3 Qe5 41. Qb3 Qe1+ 42. Kg2 Rh8 43.
Kf3 Qh1+ 44. Kf4 Re8 45. Qc2 Qd5 46. Qc5 Qe6 47. Qc7+ Re7 48. Qc5 Qf6 49. Kf3 Nh4# 0-1

[Event "*** Titled Tuesday 3|2 Blitz"]
[Site "Chess.com"]
[Date "2016.05.03"]
[Round "3"]
[White "vinceyoung15"]
[Black "Grootneus"]
[Result "0-1"]
[WhiteElo "2132"]
[BlackElo "2053"]
[TimeControl "180+2"]
[EndTime "11:36:09 PDT"]
[Termination "Grootneus won by checkmate"]

1. e4 c5 2. c3 Nf6 3. e5 Nd5 4. d4 cxd4 5. Nf3 d6 6. cxd4 Nc6 7. Bc4 e6 8. O-O Be7 9. Qe2 O-O 10. Nc3 Nxc3 11.
bxc3 dxe5 12. dxe5 Qa5 13. Bd2 Rd8 14. Qe4 Nxe5 15.
Nxe5 Rxd2 16. Qf4 Bf6 17. Qxd2 Qxe5 18. Rad1 g6 19. Rfe1 Qxc3 20. Qxc3 Bxc3 21. Rd8+ Kg7 22. Rc1 Ba5 23. Re8 b6 24. Re7 Bb4 25. Rc7 Bd6 26.
Rc6 Bf4 27. Bxe6 Bxe6 28. R1c2 Rd8 29. Kf1 Bf5 30. R2c3 Bd3+ 31. Ke1 Bb5 32. Rc8 Rd7 33. Rc2 Re7+ 34. Kd1 Ba4 35. Rc4 Bxc2+ 36. Rxc2 Rd7+ 37. Ke2 Bd6 38. g3 Bc5 39. Kf3 a5 40. h4 a4 41. Kg4 h5+ 42. Kf3 Rd3+ 43. Ke4 Rd4+ 44. Ke5 a3 45. f4 Rb4 46. f5 Rb2 47. f6+ Kf8 48. Rc3 Rxa2 49. Rd3 Ke8 50. Kf4 Rf2+ 51. Kg5 a2 52. Rd1 Be3# 0-1

[Event "*** Titled Tuesday 3|2 Blitz"]
[Site "Chess.com"]
[Date "2016.05.03"]
[Round "3"]
[White "alturas_pacificas"]
[Black "Rickstereo"]
[Result "1-0"]
[WhiteElo "2172"]
[BlackElo "2183"]
[TimeControl "180+2"]
[EndTime "11:36:10 PDT"]
[Termination "alturas_pacificas won by resignation"]

1. d4 Nf6 2. Bf4 d6 3. e3 g6 4.
Nf3 Bg7 5. Be2 b6 6. O-O O-O 7.
c4 Bb7 8. Nc3 Nbd7 9. h3 Re8 10.
Bh2 e5 11. b4 a5 12. a3 exd4 13. exd4 axb4 14. axb4 Rxa1 15. Qxa1 Ne4 16. Nxe4 Rxe4 17. Qd1 Qa8 18. d5 Qa2 19. Bd3 Re8 20. Re1 Ne5 21. Nxe5 Bxe5 22. Bxe5 Rxe5 23. Rxe5 dxe5 24. Qg4 Qa1+ 25.
Kh2 Qc3 26. Qe2 b5 27. cxb5 Bxd5 28. Be4 Bc4 29. Qg4 Bxb5 30. Qc8+ Kg7 31. Bd5 Qd4 32. Qb7 Qb6 33. Qc8 Qd6 34. Qb7 e4+ 35. Kg1 Ba6 36. Qa8 e3 37. fxe3 Bd3 38. Qc6 Qxb4 39. Qxc7 Qf8 40.
Qe5+ Kg8 41. Qf6 Bb5 42. e4 Be8 43. h4 Qg7 44. Qf4 Qd4+ 45. Kh2 Kg7 46. h5 h6 47. hxg6 fxg6 48. Qc7+ Kf8 49. Qd6+ Kg7 50. Qe7+ 1-0

[Event "*** Titled Tuesday 3|2 Blitz"]
[Site "Chess.com"]
[Date "2016.05.03"]
[Round "3"]
[White "Colombiano07"]
[Black "PowerThinking2650"]
[Result "0-1"]
[WhiteElo "2241"]
[BlackElo "2162"]
[TimeControl "180+2"]
[EndTime "11:36:24 PDT"]
[Termination "PowerThinking2650 won on time"]

1. e4 e5 2. Nf3 Nc6 3. Bb5 a6 4. Ba4 Nf6 5. O-O Be7 6. Re1 b5 7. Bb3 d6 8. c3 O-O 9. d4 Bg4 10.
Be3 exd4 11. cxd4 d5 12. e5 Ne4 13. Nc3 Nxc3 14. bxc3 Qd7 15. h3 Bf5 16. Nd2 Na5 17. Qf3 Nxb3 18. axb3 f6 19. Bf4 fxe5 20. Bxe5 Bg5 21.
Nf1 c6 22. Qg3 Bh6 23. Ne3 a5 24. Ng4 Bxg4 25. hxg4 Bg5 26. f4 Be7 27. f5 Bg5 28. Re2 h6 29. Rae1 a4 30. bxa4 bxa4 31. Bd6 Rfe8 32.
Ba3 Rxe2 33. Rxe2 Re8 34. Qe1 Rxe2 35. Qxe2 Kf7 36. Qe5 Be7 37. Bc1 a3 38. Qb8 Bd6 39. Qa8 Qe7 40. Kf2 Qh4+ 41. Ke3 Qg5+ 42. Kf3 Qxc1 43.
Qxc6 Qf4+ 44. Ke2 Qxg4+ 45. Kd2 Bf4+ 46. Kc2 Qxf5+ 47. Kb3 Bc1 48. Qc7+ Kg8 49. Qd8+ Kh7 50. g4 Qb1+ 0-1

[Event "*** Titled Tuesday 3|2 Blitz"]
[Site "Chess.com"]
[Date "2016.05.03"]
[Round "3"]
[White "Schemato"]
[Black "Iball95"]
[Result "0-1"]
[WhiteElo "2215"]
[BlackElo "2500"]
[TimeControl "180+2"]
[EndTime "11:36:24 PDT"]
[Termination "Iball95 won by resignation"]

1. c4 e5 2. g3 Nc6 3. Nc3 Bc5 4.
Bg2 a6 5. e3 Ba7 6. Nge2 d6 7.
O-O h5 8. h3 f5 9. d4 Nge7 10. Rb1 h4 11. b4 Bd7 12. b5 axb5 13.
cxb5 Na5 14. dxe5 dxe5 15. Nd5 Nxd5 16. Qxd5 Qe7 17. Bb2 hxg3 18. Nxg3 Qe6 19. Qxe5 Qxe5 20. Bxe5 Nc4 21. Bc3 Na3 22. Rb3 Nxb5 23. Bxg7 Rg8 24.
Be5 c6 25. a4 Be6 26. Rb4 Bc5 27. Rh4 Nd6 28. Rd1 Nf7 29. Bf6 Rg6 30. Bc3 Ke7 31. a5 Rag8 32. Kh2 Bxe3 33. fxe3 Rxg3 34. Bh1 Rxe3 35. Bb4+ Ke8 36. Rd2 Ne5 37. Rhd4 Bd5 38. Bxd5 cxd5 39. Rf2 Nf3+ 40. Rxf3 Rxf3 41. Rxd5 Rf2+ 42.
Kh1 Rf1+ 43. Kh2 Rf2+ 44. Kh1 Rb2 45. Bc5 Rg3 46. Rxf5 Rxh3+ 47. Kg1 Rg3+ 48. Kf1 Rc3 49. Bf2 Kd7 50. Rd5+ Kc6 51. Rd1 Rf3 52. Rc1+ Kb5 0-1

[Event "*** Titled Tuesday 3|2 Blitz"]
[Site "Chess.com"]
[Date "2016.05.03"]
[Round "3"]
[White "Rikikits"]
[Black "GM_Levan_Pantsulaia"]
[Result "0-1"]
[WhiteElo "2496"]
[BlackElo "2451"]
[TimeControl "180+2"]
[EndTime "11:36:26 PDT"]
[Termination "GM_Levan_Pantsulaia won on time"]

1. d4 Nf6 2. c4 c5 3. d5 g6 4.
Nc3 Bg7 5. e4 O-O 6. f4 e6 7. e5 Nh5 8. Nf3 exd5 9. cxd5 d6 10. e6 fxe6 11. dxe6 Bxe6 12. Ng5 Qd7 13. Bb5 Nc6 14.
O-O a6 15. Be2 Bd4+ 16. Kh1 Ng7 17. Bf3 Bc4 18. Be2 Bxe2 19. Nxe2 Rae8 20. Nxd4 Nxd4 21. b4 Ngf5 22. Qd3 Qb5 23. Qd1 Re2 24. bxc5 dxc5 25. Ba3 Ne3 26. Qc1 Qc6 27. Nf3 Nxf1 28. Qc4+ Rf7 29. Rxf1 Rc2 30. Qxf7+ Kxf7 31. Ne5+ Ke6 32. Nxc6 Nxc6 33. g4 b5 34. Bc1 Rxa2 35. f5+ gxf5 36.
gxf5+ Kf7 37. Bg5 b4 38. Rd1 b3 39. Rd7+ Ke8 40. Rb7 b2 41. f6 Ne5 42. Re7+ Kd8 43.
Rb7 Kc8 44. Rb3 Ra1+ 45. Kg2 b1=Q 46. Rxb1 Rxb1 47. Kg3 Nf7 48. Be3 c4 0-1

[Event "*** Titled Tuesday 3|2 Blitz"]
[Site "Chess.com"]
[Date "2016.05.03"]
[Round "3"]
[White "chito89"]
[Black "Ginger_GM"]
[Result "1-0"]
[WhiteElo "2657"]
[BlackElo "2551"]
[TimeControl "180+2"]
[EndTime "11:36:35 PDT"]
[Termination "chito89 won by resignation"]

1. e4 c5 2. Nc3 a6 3. g3 b5 4.
Bg2 Bb7 5. d3 g6 6. f4 Bg7 7. Nf3 d6 8. O-O Nc6 9. Be3 Nf6 10. h3 Nd7 11. Qd2 Nd4 12. Rae1 O-O 13. Nd1 e6 14. c3 Nxf3+ 15. Bxf3 f5 16. Qg2 Nf6 17. Nf2 Qc7 18. d4 cxd4 19. Bxd4 e5 20.
Be3 fxe4 21. Nxe4 Nd5 22. Nf6+ Nxf6 23. Bxb7 Rab8 24. fxe5 dxe5 25. Be4 b4 26. Bd5+ Nxd5 27. Qxd5+ Kh8 28. Rxf8+ Rxf8 29. cxb4 e4 30. Kg2 Qc2+ 31. Qd2 Qc4 32. a3 h5 33. Rc1 Qf7 34. Qe2 Qb3 35.
Rc2 Rf3 36. Bf2 h4 37. Qxe4 Rxg3+ 38. Bxg3 Qxg3+ 39. Kf1 Qxh3+ 40. Ke2 Qg3 41. Rc4 Bf6 42. Qg4 Qe5+ 43. Kd3 Qd5+ 44. Kc2 Kg7 45. Qe4 Qg5 46.
Rc7+ Kh6 47. Rc5 Qg3 48. Qd3 Qg2+ 49. Qd2+ Qxd2+ 50. Kxd2 h3 51. Ke2 h2 52. Rc1 Bxb2 53.
Rh1 Be5 54. Kf3 Kg5 55. a4 Kf6 56. b5 axb5 57. a5 Bb8 58. a6 Ke6 59. Rxh2 Kd5 60. Rh7 b4 61. Rb7 b3 62. Rxb8 1-0

[Event "*** Titled Tuesday 3|2 Blitz"]
[Site "Chess.com"]
[Date "2016.05.03"]
[Round "3"]
[White "dretch"]
[Black "rookoco"]
[Result "1/2-1/2"]
[WhiteElo "2556"]
[BlackElo "2424"]
[TimeControl "180+2"]
[EndTime "11:36:36 PDT"]
[Termination "Game drawn - insufficient material"]

1. d4 d5 2. c4 dxc4 3. Nf3 a6 4. Nc3 b5 5. a4 b4 6. Ne4 e6 7. e3 Bb7 8. Qc2 Nd7 9. Bxc4 Ngf6 10. Nxf6+ Qxf6 11. Bd3 c5 12. Be4 b3 13. Qb1 Bd5 14. O-O c4 15. Bxd5 exd5 16. e4 Bb4 17. Bg5 Qg6 18. Bd2 a5 19. exd5 O-O 20. Bxb4 Qxb1 21. Rfxb1 axb4 22. Nd2 Rfc8 23. Rc1 c3 24. Nxb3 cxb2 25. Rxc8+ Rxc8 26. Rb1 Rc2 27. a5 Kf8 28. d6 Ke8 29. Kf1 Kd8 30. Ke1 Kc8 31. Kd1 Rxf2 32. Nd2 Rxg2 33.
Rxb2 Rg5 34. Nc4 Rb5 35. Kc2 Kb7 36. Kb3 Ka6 37. Re2 Rd5 38. Re7 Nf6 39. Rxf7 Rxd4 40. Rxg7 Nd5 41. Rg3 Nf4 42. Rf3 Ne2 43. Kxb4 Nc1 44.
Kc5 Rd1 45. Rf6 Nd3+ 46. Kc6 Nb4+ 47. Kd7 Nd5 48. Rh6 Kb5 49. Ne5 Kxa5 50. Rxh7 Nf6+ 51. Ke7 Nxh7 52. d7 Kb5 53. h4 Kc5 54. d8=R Rxd8 55. Kxd8 Kd6 56. Nf3 Ke6 57. Ke8 Kf5 58. Kf7 Kg4 59.
Kg7 Kxf3 60. h5 Kg4 61. Kxh7 Kxh5 1/2-1/2